Avalanche vs Bruins

Created - 26 septembre 2019 at 16:09

Simulating a Pre-Season

Goals
1 2 3 T
Avalanche 4 0 1 5
Bruins 0 1 0 1
Shots
1 2 3 T
Avalanche 15 10 8 33
Bruins 8 14 12 34

1st period

1. Avalanche , Nikita Kucherov 3 (Mattias Ekholm 3, Mark Giordano 2) at 0:39
2. Avalanche , Johnny Gaudreau 4 (Sean Couturier 4, Braydon Coburn 2) at 7:15
3. Avalanche , Johnny Gaudreau 5 (Sean Couturier 5) at 8:06 (PP)
4. Avalanche , Mark Giordano 1 (Jujhar Khaira 1, Carl Grundstrom 3) at 15:30

Penalties :
Ondrej Palat (BOS) for High sticking (Double Minor) at 1:57, Cam Fowler (BOS) for Hooking (Minor) at 7:41

2nd period

5. Bruins , Brady Tkachuk 1 (Derick Brassard 1, Cam Fowler 2) at 1:41 (PP)

Penalties :
Nikita Kucherov (COL) for Diving (Minor) at 1:09, Zach Redmond (BOS) for Elbowing (Minor) at 7:30, Mark Giordano (COL) for Holding (Minor) at 12:30

3rd period

6. Avalanche , Pavel Buchnevich 2 (Mattias Ekholm 4, Aleksander Barkov 4) at 6:03 (SH)

Penalties :
Micheal Ferland (COL) for Hooking (Minor) at 4:51

Goalie Stats

Brian Elliott (COL), 33 saves from 34 shots - (0,971), W, 1-0-0, 60:00 minutes
Juuse Saros (BOS), 9 saves from 13 shots - (0,692), L, 2-3-0, 15:30 minutes
Cam Talbot (BOS), 19 saves from 20 shots - (0,950), 44:30 minutes

Players Stats for Avalanche

Player Name              G  A  P  +/- PIM S  H  SB GA TA FO     MP     PP MP  PK MP  
------------------------------------------------------------------------------------
Aleksander Barkov        0  1  1   2  0   3  1  0  0  0  10/23  20:48   3:31   0:45 
Braydon Coburn           0  1  1   1  0   0  1  0  0  0  0/0    14:53   0:00   1:13 
Brenden Dillon           0  0  0   1  0   0  0  3  0  0  0/0    21:52   2:31   3:17 
Calvin de Haan           0  0  0   2  0   0  0  1  0  1  0/0    17:23   0:00   3:17 
Carl Grundstrom          0  1  1   1  0   2  1  0  0  0  0/0     7:48   0:00   0:00 
Cedric Paquette          0  0  0   0  0   1  0  0  0  1  3/5    12:17   0:11   0:55 
Eric Fehr                0  0  0   0  0   1  1  0  0  1  3/5    12:58   0:00   2:50 
Jaccob Slavin            0  0  0   0  0   0  0  1  0  1  0/0    18:00   2:31   0:00 
Johnny Gaudreau          2  0  2   1  0   4  3  1  1  0  1/1    16:33   2:40   0:00 
Jujhar Khaira            0  1  1   1  0   0  0  0  0  1  1/1     7:48   0:00   0:00 
Mark Giordano            1  1  2   2  2   5  0  1  0  0  0/0    23:39   3:52   0:00 
Mark Jankowski           0  0  0   1  0   1  0  0  0  0  2/2    10:37   0:00   2:49 
Mark Stone               0  0  0   1  0   0  1  0  0  2  2/3    21:28   3:32   0:55 
Mattias Ekholm           0  2  2   2  0   1  1  1  0  0  0/0    24:37   3:52   1:13 
Micheal Ferland          0  0  0   1  2   0  2  0  1  0  1/3    16:48   2:35   0:00 
Nikita Kucherov          1  0  1   1  2   4  1  3  1  1  1/1    19:46   3:32   0:00 
Pavel Buchnevich         1  0  1   1  0   6  1  1  3  0  1/1    11:39   0:28   0:46 
Sean Couturier           0  2  2   1  0   5  1  0  2  0  8/13   16:33   2:40   0:00 

Players Stats for Bruins

Player Name              G  A  P  +/- PIM S  H  SB GA TA FO     MP     PP MP  PK MP  
------------------------------------------------------------------------------------
Anthony Beauvillier      0  0  0  -1  0   1  0  0  1  1  1/2    11:45   0:00   0:00 
Anthony Duclair          0  0  0  -1  0   1  1  0  0  0  0/0    12:41   0:00   0:32 
Anthony Mantha           0  0  0  -1  0   2  0  0  2  1  1/2    22:27   2:31   3:45 
Brady Tkachuk            1  0  1  -1  0   2  3  0  0  0  1/3    16:51   1:59   2:06 
Cam Fowler               0  1  1  -3  2   1  1  5  2  2  0/0    26:32   2:55   3:41 
Conor Garland            0  0  0   0  0   0  0  0  0  0  0/0     0:03   0:01   0:00 
Derick Brassard          0  1  1  -1  0   0  1  1  2  1  6/12   16:51   1:59   2:06 
Jakob Chychrun           0  0  0  -1  0   4  2  0  0  0  0/0    20:48   1:35   2:17 
Jason Pominville         0  0  0  -1  0   1  0  0  0  0  0/1     8:01   0:00   0:00 
Joel Edmundson           0  0  0  -3  0   1  1  2  0  1  0/0    26:58   2:55   4:06 
Justin Falk              0  0  0   0  0   0  1  0  0  1  0/0    12:14   0:00   0:00 
Marcus Kruger            0  0  0  -1  0   1  0  0  0  0  0/1     8:01   0:00   0:00 
Maxime Comtois           0  0  0   0  0   0  0  0  0  0  0/0     0:00   0:00   0:00 
Nolan Patrick            0  0  0  -1  0   4  1  0  1  0  0/2    19:03   2:30   0:23 
Ondrej Palat             0  0  0  -1  4   3  1  0  0  0  0/0    12:17   0:00   0:09 
Pat Maroon               0  0  0  -1  0   2  2  0  0  0  0/0     8:01   0:00   0:00 
Ryan Kesler              0  0  0  -1  0   2  2  2  0  0  0/0    14:45   1:59   0:00 
Sean Monahan             0  0  0  -1  0   5  2  0  0  1  16/35  22:27   2:31   3:45 
Xavier Ouellet           0  0  0   0  0   1  2  0  0  0  0/0    13:40   0:00   1:03 
Zach Redmond             0  0  0  -1  2   3  2  2  0  0  0/0    20:09   1:35   1:39 

3 Stars

1 - Johnny Gaudreau (COL)
2 - Brian Elliott (COL)
3 - Mattias Ekholm (COL)

Power Play

Avalanche - 1 on 4 Attempt(s) - 25,00%
Bruins - 1 on 3 Attempt(s) - 33,33%

Penalty Kill

Avalanche - 2 on 3 Attempt(s) - 66,67% - Score 1 goal in Penalty Kill
Bruins - 3 on 4 Attempt(s) - 75,00% - Score 0 goal in Penalty Kill

Team Stat

Avalanche - Hits : 14 - Faceoff Wins : 33 - Blocked Shots : 12 - Penalty Minutes : 6
Bruins - Hits : 22 - Faceoff Wins : 25 - Blocked Shots : 12 - Penalty Minutes : 8

Official

Referees : Jon Mclsaac and Rob Martell
Linesman : Scott Cherrey and Mark Shewchyk

Game Notes

Cam Talbot enters game at 15:30 of 1st period

Avalanche

5 vs 5 Forward 
   Center                   Left Wing                Right Wing               Time % Phy DF OF 
 1 Aleksander Barkov        Nikita Kucherov          Mark Stone               40     1   2  2  
 2 Sean Couturier           Johnny Gaudreau          Micheal Ferland          30     1   2  2  
 3 Cedric Paquette          Pavel Buchnevich         Eric Fehr                20     1   2  2  
 4 Mark Jankowski           Jujhar Khaira            Carl Grundstrom          10     1   2  2  

5 vs 5 Defense 
   Defense                  Defense                                           Time % Phy DF OF 
 1 Mark Giordano            Mattias Ekholm                                    40     1   2  2  
 2 Jaccob Slavin            Brenden Dillon                                    30     1   2  2  
 3 Calvin de Haan           Braydon Coburn                                    20     1   2  2  
 4 Calvin de Haan           Braydon Coburn                                    10     1   2  2  

PowerPlay Forward 
   Center                   Left Wing                Right Wing               Time % Phy DF OF 
 1 Aleksander Barkov        Nikita Kucherov          Mark Stone               60     1   2  2  
 2 Sean Couturier           Johnny Gaudreau          Micheal Ferland          40     1   2  2  

PowerPlay Defense
   Defense                  Defense                                           Time % Phy DF OF 
 1 Mark Giordano            Mattias Ekholm                                    60     1   2  2  
 2 Jaccob Slavin            Brenden Dillon                                    40     1   2  2  

Penalty Kill 4 Players Forward 
   Center                   Wing                     Time % Phy DF OF 
 1 Eric Fehr                Mark Jankowski           60     1   2  2  
 2 Cedric Paquette          Mark Stone               40     1   2  2  

Penalty Kill 4 Players Defense
   Defense                  Defense                  Time % Phy DF OF 
 1 Calvin de Haan           Brenden Dillon           60     1   2  2  
 2 Braydon Coburn           Mattias Ekholm           40     1   2  2  

Penalty Kill - 3 Players Forward 
   Forward                                           Time % Phy DF OF 
 1 Eric Fehr                                         60     1   2  2  
 2 Cedric Paquette                                   40     1   2  2  

Penalty Kill - 3 Players Defense
   Defense                  Defense                  Time % Phy DF OF 
 1 Jaccob Slavin            Calvin de Haan           60     1   2  2  
 2 Mattias Ekholm           Brenden Dillon           40     1   2  2  

4 vs 4 Forward 
   Center                   Wing                     Time % Phy DF OF 
 1 Aleksander Barkov        Nikita Kucherov          60     1   2  2  
 2 Sean Couturier           Mark Stone               40     1   2  2  

4 vs 4 Defense
   Defense                  Defense                  Time % Phy DF OF 
 1 Jaccob Slavin            Calvin de Haan           60     1   2  2  
 2 Mark Giordano            Mattias Ekholm           40     1   2  2  

Last Minutes Offensive
   Center                   Left Wing                Right Wing               Defense                  Defense                  
   Aleksander Barkov        Nikita Kucherov          Mark Stone               Mark Giordano            Mattias Ekholm           

Last Minutes Defensive
   Center                   Left Wing                Right Wing               Defense                  Defense                  
   Aleksander Barkov        Nikita Kucherov          Mark Stone               Mark Giordano            Mattias Ekholm           

Goaltenders
Starting : Brian Elliott            
Backup : Henrik Lundqvist         

Extra Forwards
Normal : Pavel Buchnevich, Cedric Paquette, Mark Jankowski - PP : Pavel Buchnevich, Cedric Paquette - PK : Mark Jankowski
Extra Defensemen
Normal : Calvin de Haan, Braydon Coburn, Jaccob Slavin - PP : Calvin de Haan - PK : Braydon Coburn, Jaccob Slavin
Penalty Shots
Aleksander Barkov, Sean Couturier, Nikita Kucherov, Johnny Gaudreau, Mark Stone
Custom OT Lines Forwards
Aleksander Barkov, Sean Couturier, Nikita Kucherov, Johnny Gaudreau, Mark Stone, Micheal Ferland, Pavel Buchnevich, Cedric Paquette, Mark Jankowski, Eric Fehr
Custom OT Lines Defensemen
Mark Giordano, Mattias Ekholm, Jaccob Slavin, Brenden Dillon, Calvin de Haan

Scratches
None

Bruins

5 vs 5 Forward 
   Center                   Left Wing                Right Wing               Time % Phy DF OF 
 1 Sean Monahan             Anthony Mantha           Nolan Patrick            40     1   2  2  
 2 Derick Brassard          Brady Tkachuk            Ryan Kesler              30     1   2  2  
 3 Anthony Beauvillier      Ondrej Palat             Anthony Duclair          20     1   2  2  
 4 Marcus Kruger            Pat Maroon               Jason Pominville         10     1   2  2  

5 vs 5 Defense 
   Defense                  Defense                                           Time % Phy DF OF 
 1 Cam Fowler               Joel Edmundson                                    40     1   2  2  
 2 Jakob Chychrun           Zach Redmond                                      30     1   2  2  
 3 Justin Falk              Xavier Ouellet                                    20     1   2  2  
 4 Cam Fowler               Joel Edmundson                                    10     1   2  2  

PowerPlay Forward 
   Center                   Left Wing                Right Wing               Time % Phy DF OF 
 1 Sean Monahan             Anthony Mantha           Nolan Patrick            60     1   2  2  
 2 Derick Brassard          Brady Tkachuk            Ryan Kesler              40     1   2  2  

PowerPlay Defense
   Defense                  Defense                                           Time % Phy DF OF 
 1 Cam Fowler               Joel Edmundson                                    60     1   2  2  
 2 Jakob Chychrun           Zach Redmond                                      40     1   2  2  

Penalty Kill 4 Players Forward 
   Center                   Wing                     Time % Phy DF OF 
 1 Sean Monahan             Anthony Mantha           60     1   2  2  
 2 Brady Tkachuk            Derick Brassard          40     1   2  2  

Penalty Kill 4 Players Defense
   Defense                  Defense                  Time % Phy DF OF 
 1 Cam Fowler               Joel Edmundson           60     1   2  2  
 2 Jakob Chychrun           Zach Redmond             40     1   2  2  

Penalty Kill - 3 Players Forward 
   Forward                                           Time % Phy DF OF 
 1 Sean Monahan                                      60     1   2  2  
 2 Anthony Mantha                                    40     1   2  2  

Penalty Kill - 3 Players Defense
   Defense                  Defense                  Time % Phy DF OF 
 1 Cam Fowler               Joel Edmundson           60     1   2  2  
 2 Jakob Chychrun           Zach Redmond             40     1   2  2  

4 vs 4 Forward 
   Center                   Wing                     Time % Phy DF OF 
 1 Sean Monahan             Anthony Mantha           60     1   2  2  
 2 Brady Tkachuk            Derick Brassard          40     1   2  2  

4 vs 4 Defense
   Defense                  Defense                  Time % Phy DF OF 
 1 Cam Fowler               Joel Edmundson           60     1   2  2  
 2 Jakob Chychrun           Zach Redmond             40     1   2  2  

Last Minutes Offensive
   Center                   Left Wing                Right Wing               Defense                  Defense                  
   Sean Monahan             Anthony Mantha           Nolan Patrick            Cam Fowler               Joel Edmundson           

Last Minutes Defensive
   Center                   Left Wing                Right Wing               Defense                  Defense                  
   Sean Monahan             Anthony Mantha           Nolan Patrick            Cam Fowler               Joel Edmundson           

Goaltenders
Starting : Juuse Saros              
Backup : Cam Talbot               

Extra Forwards
Normal : Conor Garland, Maxime Comtois, Ondrej Palat - PP : Conor Garland, Maxime Comtois - PK : Ondrej Palat
Extra Defensemen
Normal : Justin Falk, Xavier Ouellet, Jakob Chychrun - PP : Justin Falk - PK : Xavier Ouellet, Jakob Chychrun
Penalty Shots
Sean Monahan, Anthony Mantha, Brady Tkachuk, Derick Brassard, Nolan Patrick
Custom OT Lines Forwards
Sean Monahan, Anthony Mantha, Brady Tkachuk, Derick Brassard, Nolan Patrick, Ryan Kesler, Ondrej Palat, Anthony Duclair, Pat Maroon, Anthony Beauvillier
Custom OT Lines Defensemen
Cam Fowler, Joel Edmundson, Jakob Chychrun, Zach Redmond, Justin Falk

Scratches
Connor Murphy (Exhaustion), Charles Hudon (Healthy), Zack Mitchell (Healthy), Haydn Fleury (Healthy), Brendan Lemieux (Healthy)
Adam Erne (Healthy), Ryan Bourque (Healthy)

% Time on Ice - Avalanche

Lines # - Real PCT - Wanted PCT - Time Play
Normal Forward
1 - 34% - 40% - 16:32
2 - 30% - 30% - 14:39
3 - 21% - 20% - 10:08
4 - 16% - 10% - 7:48
Normal Defense
1 - 41% - 40% - 20:09
2 - 31% - 30% - 15:18
3 - 20% - 20% - 9:47
4 - 8% - 10% - 3:53
PP Forward
1 - 58% - 60% - 3:43
2 - 42% - 40% - 2:40
PP Defense
1 - 61% - 60% - 3:52
2 - 39% - 40% - 2:31
PK Forward
1 - 80% - 60% - 3:35
2 - 20% - 40% - 0:55
PK Defense
1 - 73% - 60% - 3:17
2 - 27% - 40% - 1:13
PK3 Forward
1 - 0% - 60%
2 - 0% - 40%
PK3 Defense
1 - 0% - 60%
2 - 0% - 40%
44 Forward
1 - 0% - 60%
2 - 0% - 40%
44 Defense
1 - 0% - 60%
2 - 0% - 40%
Last Minute Offensive  - 0:00
Last Minute Defensive  - 0:00
Total
Forward - 60:00
Defense - 60:00

% Time on Ice - Bruins

Lines # - Real PCT - Wanted PCT - Time Play
Normal Forward
1 - 34% - 40% - 16:35
2 - 26% - 30% - 12:46
3 - 24% - 20% - 11:45
4 - 16% - 10% - 8:01
Normal Defense
1 - 37% - 40% - 18:23
2 - 34% - 30% - 16:56
3 - 25% - 20% - 12:14
4 - 3% - 10% - 1:34
PP Forward
1 - 56% - 60% - 2:31
2 - 44% - 40% - 1:59
PP Defense
1 - 65% - 60% - 2:55
2 - 35% - 40% - 1:35
PK Forward
1 - 67% - 60% - 4:17
2 - 33% - 40% - 2:06
PK Defense
1 - 64% - 60% - 4:06
2 - 36% - 40% - 2:17
PK3 Forward
1 - 0% - 60%
2 - 0% - 40%
PK3 Defense
1 - 0% - 60%
2 - 0% - 40%
44 Forward
1 - 0% - 60%
2 - 0% - 40%
44 Defense
1 - 0% - 60%
2 - 0% - 40%
Last Minute Offensive  - 0:00
Last Minute Defensive  - 0:00
Total
Forward - 60:00
Defense - 60:00

Play-by-Play

1st period


0:01 of 1st period - Aleksander Barkov wins face-off versus Sean Monahan in neutral zone.
0:10 of 1st period - Snap shot by Nikita Kucherov.
0:10 of 1st period - Shot Blocked by Cam Fowler.
0:26 of 1st period - Mark Giordano is hit by Ondrej Palat and loses puck.
0:37 of 1st period - Snap shot by Nikita Kucherov.
0:37 of 1st period - Shot Misses the Net.
0:39 of 1st period - Slapshot by Mattias Ekholm.
0:39 of 1st period - Deflect By Nikita Kucherov.
0:39 of 1st period - Goal by Nikita Kucherov - Avalanche : 1 - Bruins : 0.
0:40 of 1st period - Derick Brassard wins face-off versus Sean Couturier in neutral zone.
0:47 of 1st period - Snap shot by Sean Couturier.
0:47 of 1st period - Stopped by Juuse Saros with a rebound.
1:32 of 1st period - Slapshot by Mark Giordano.
1:32 of 1st period - Shot Blocked by Zach Redmond.
1:34 of 1st period - Slapshot by Mark Giordano.
1:34 of 1st period - Stopped by Juuse Saros with a rebound.
1:36 of 1st period - Slapshot by Mattias Ekholm.
1:36 of 1st period - Shot Misses the Net.
1:57 of 1st period - Double Minor Penalty to Ondrej Palat for High sticking.
1:58 of 1st period - Aleksander Barkov wins face-off versus Sean Monahan in Bruins zone.
2:00 of 1st period - Wrist shot by Aleksander Barkov.
2:00 of 1st period - Stopped by Juuse Saros without a rebound.
2:01 of 1st period - Mark Stone wins face-off versus Sean Monahan in Bruins zone.
2:06 of 1st period - Slapshot by Nikita Kucherov.
2:06 of 1st period - Stopped by Juuse Saros without a rebound.
2:07 of 1st period - Sean Monahan wins face-off versus Aleksander Barkov in Bruins zone.
2:15 of 1st period - Icing by Nikita Kucherov.
2:16 of 1st period - Aleksander Barkov wins face-off versus Sean Monahan in Avalanche zone.
2:16 of 1st period - Aleksander Barkov is hit by Joel Edmundson.
2:31 of 1st period - Slapshot by Nikita Kucherov.
2:31 of 1st period - Shot Misses the Net.
2:33 of 1st period - Snap shot by Aleksander Barkov.
2:33 of 1st period - Shot Misses the Net.
2:51 of 1st period - Wrist shot by Nikita Kucherov.
2:51 of 1st period - Stopped by Juuse Saros without a rebound.
2:52 of 1st period - Sean Couturier wins face-off versus Brady Tkachuk in Bruins zone.
2:57 of 1st period - Wrist shot by Johnny Gaudreau.
2:57 of 1st period - Stopped by Juuse Saros with a rebound.
2:59 of 1st period - Snap shot by Sean Couturier.
2:59 of 1st period - Stopped by Juuse Saros with a rebound.
3:01 of 1st period - Snap shot by Sean Couturier.
3:01 of 1st period - Shot Misses the Net.
3:05 of 1st period - Backhand shot by Johnny Gaudreau.
3:05 of 1st period - Shot Misses the Net.
3:07 of 1st period - Slapshot by Jaccob Slavin.
3:07 of 1st period - Shot Blocked by Zach Redmond.
3:19 of 1st period - Nikita Kucherov is hit by Jakob Chychrun.
4:19 of 1st period - Snap shot by Nolan Patrick.
4:19 of 1st period - Stopped by Brian Elliott with a rebound.
4:21 of 1st period - Slapshot by Cam Fowler.
4:21 of 1st period - Stopped by Brian Elliott without a rebound.
4:22 of 1st period - Johnny Gaudreau wins face-off versus Brady Tkachuk in Avalanche zone.
5:57 of 1st period - Penalty to Ondrej Palat is over, Ondrej Palat is back on ice.
6:03 of 1st period - Icing by Aleksander Barkov.
6:04 of 1st period - Pavel Buchnevich wins face-off versus Jason Pominville in Avalanche zone.
6:39 of 1st period - Off-side.
6:40 of 1st period - Derick Brassard wins face-off versus Cedric Paquette in neutral zone.
7:01 of 1st period - Wrist shot by Sean Couturier.
7:01 of 1st period - Stopped by Juuse Saros without a rebound.
7:02 of 1st period - Sean Monahan wins face-off versus Micheal Ferland in Bruins zone.
7:13 of 1st period - Snap shot by Johnny Gaudreau.
7:13 of 1st period - Shot Misses the Net.
7:15 of 1st period - Snap shot by Johnny Gaudreau.
7:15 of 1st period - Goal by Johnny Gaudreau - Avalanche : 2 - Bruins : 0.
7:16 of 1st period - Aleksander Barkov wins face-off versus Sean Monahan in neutral zone.
7:35 of 1st period - Jaccob Slavin is hit by Sean Monahan and loses puck.
7:41 of 1st period - Minor Penalty to Cam Fowler for Hooking.
7:42 of 1st period - Sean Monahan wins face-off versus Aleksander Barkov in Bruins zone.
7:58 of 1st period - Snap shot by Aleksander Barkov.
7:58 of 1st period - Stopped by Juuse Saros without a rebound.
7:59 of 1st period - Sean Couturier wins face-off versus Sean Monahan in Bruins zone.
8:06 of 1st period - Wrist shot by Johnny Gaudreau.
8:06 of 1st period - Goal by Johnny Gaudreau - Avalanche : 3 - Bruins : 0.
8:07 of 1st period - Sean Monahan wins face-off versus Sean Couturier in neutral zone.
8:11 of 1st period - Off-side.
8:12 of 1st period - Sean Couturier wins face-off versus Sean Monahan in neutral zone.
9:02 of 1st period - Aleksander Barkov is hit by Brady Tkachuk and loses puck.
10:24 of 1st period - Slapshot by Mark Stone.
10:24 of 1st period - Shot Misses the Net.
11:48 of 1st period - Icing by Anthony Mantha.
11:49 of 1st period - Derick Brassard wins face-off versus Sean Couturier in Bruins zone.
12:00 of 1st period - Icing by Jaccob Slavin.
12:01 of 1st period - Sean Monahan wins face-off versus Sean Couturier in Avalanche zone.
12:02 of 1st period - Wrist shot by Anthony Mantha.
12:02 of 1st period - Stopped by Brian Elliott without a rebound.
12:03 of 1st period - Aleksander Barkov wins face-off versus Nolan Patrick in Avalanche zone.
12:24 of 1st period - Anthony Mantha is hit by Nikita Kucherov and loses puck.
12:47 of 1st period - Icing by Jaccob Slavin.
12:48 of 1st period - Derick Brassard wins face-off versus Aleksander Barkov in Avalanche zone.
12:49 of 1st period - Slapshot by Brady Tkachuk.
12:49 of 1st period - Stopped by Brian Elliott with a rebound.
14:35 of 1st period - Justin Falk is hit by Johnny Gaudreau and loses puck.
15:15 of 1st period - Wrist shot by Jason Pominville.
15:15 of 1st period - Stopped by Brian Elliott without a rebound.
15:16 of 1st period - Mark Jankowski wins face-off versus Marcus Kruger in Avalanche zone.
15:16 of 1st period - Mark Jankowski is hit by Pat Maroon.
15:26 of 1st period - Slapshot by Mark Giordano.
15:26 of 1st period - Shot Misses the Net.
15:28 of 1st period - Snap shot by Jujhar Khaira.
15:28 of 1st period - Shot Misses the Net.
15:30 of 1st period - Slapshot by Mark Giordano.
15:30 of 1st period - Goal by Mark Giordano - Avalanche : 4 - Bruins : 0.
15:30 of 1st period - Cam Talbot enters game.
15:31 of 1st period - Nikita Kucherov wins face-off versus Sean Monahan in neutral zone.
15:36 of 1st period - Slapshot by Anthony Mantha.
15:36 of 1st period - Shot Misses the Net.
15:38 of 1st period - Wrist shot by Sean Monahan.
15:38 of 1st period - Shot Misses the Net.
15:40 of 1st period - Snap shot by Anthony Mantha.
15:40 of 1st period - Shot Misses the Net.
15:42 of 1st period - Slapshot by Cam Fowler.
15:42 of 1st period - Shot Misses the Net.
15:44 of 1st period - Wrist shot by Nolan Patrick.
15:44 of 1st period - Stopped by Brian Elliott with a rebound.
15:46 of 1st period - Wrist shot by Cam Fowler.
15:46 of 1st period - Shot Blocked by Nikita Kucherov.
16:09 of 1st period - Anthony Duclair is hit by Mark Stone and loses puck.
16:46 of 1st period - Snap shot by Sean Monahan.
16:46 of 1st period - Shot Blocked by Pavel Buchnevich.
16:48 of 1st period - Wrist shot by Sean Monahan.
16:48 of 1st period - Stopped by Brian Elliott without a rebound.
16:49 of 1st period - Sean Monahan wins face-off versus Cedric Paquette in Avalanche zone.
16:54 of 1st period - Slapshot by Sean Monahan.
16:54 of 1st period - Deflect By Pavel Buchnevich.
16:54 of 1st period - Shot Misses the Net.
16:54 of 1st period - Puck is out of play.
16:55 of 1st period - Cedric Paquette wins face-off versus Sean Monahan in Avalanche zone.
17:00 of 1st period - Snap shot by Pavel Buchnevich.
17:00 of 1st period - Shot Misses the Net.
17:02 of 1st period - Wrist shot by Mark Giordano.
17:02 of 1st period - Shot Blocked by Cam Fowler.
17:04 of 1st period - Snap shot by Cedric Paquette.
17:04 of 1st period - Shot Misses the Net.
17:06 of 1st period - Snap shot by Pavel Buchnevich.
17:06 of 1st period - Stopped by Cam Talbot with a rebound.
17:10 of 1st period - Backhand shot by Pavel Buchnevich.
17:10 of 1st period - Shot Misses the Net.
17:22 of 1st period - Mark Giordano is hit by Brady Tkachuk and loses puck.
17:33 of 1st period - Slapshot by Brady Tkachuk.
17:33 of 1st period - Shot Misses the Net.
18:14 of 1st period - Snap shot by Carl Grundstrom.
18:14 of 1st period - Stopped by Cam Talbot without a rebound.
18:15 of 1st period - Sean Couturier wins face-off versus Sean Monahan in Bruins zone.
19:14 of 1st period - Wrist shot by Ondrej Palat.
19:14 of 1st period - Stopped by Brian Elliott with a rebound.
19:16 of 1st period - Snap shot by Anthony Beauvillier.
19:16 of 1st period - Shot Misses the Net.
19:18 of 1st period - Wrist shot by Anthony Duclair.
19:18 of 1st period - Shot Misses the Net.
Goals for this period are 4 for Avalanche vs 0 for Bruins.
Shots for this period are 15 for Avalanche vs 8 for Bruins.

2nd period


0:01 of 2nd period - Aleksander Barkov wins face-off versus Sean Monahan in neutral zone.
0:26 of 2nd period - Ryan Kesler is hit by Micheal Ferland and loses puck.
0:51 of 2nd period - Snap shot by Anthony Beauvillier.
0:51 of 2nd period - Stopped by Brian Elliott without a rebound.
0:52 of 2nd period - Anthony Beauvillier wins face-off versus Aleksander Barkov in Avalanche zone.
0:55 of 2nd period - Slapshot by Anthony Duclair.
0:55 of 2nd period - Shot Misses the Net.
0:57 of 2nd period - Slapshot by Zach Redmond.
0:57 of 2nd period - Stopped by Brian Elliott with a rebound.
0:59 of 2nd period - Slapshot by Zach Redmond.
0:59 of 2nd period - Shot Misses the Net.
1:01 of 2nd period - Wrist shot by Anthony Beauvillier.
1:01 of 2nd period - Shot Misses the Net.
1:03 of 2nd period - Backhand shot by Anthony Duclair.
1:03 of 2nd period - Shot Misses the Net.
1:05 of 2nd period - Wrist shot by Ondrej Palat.
1:05 of 2nd period - Stopped by Brian Elliott without a rebound.
1:06 of 2nd period - Sean Monahan wins face-off versus Aleksander Barkov in Avalanche zone.
1:07 of 2nd period - Snap shot by Anthony Mantha.
1:07 of 2nd period - Shot Misses the Net.
1:09 of 2nd period - Minor Penalty to Nikita Kucherov for Diving.
1:10 of 2nd period - Eric Fehr wins face-off versus Anthony Mantha in Avalanche zone.
1:41 of 2nd period - Snap shot by Brady Tkachuk.
1:41 of 2nd period - Goal by Brady Tkachuk - Avalanche : 4 - Bruins : 1.
1:42 of 2nd period - Sean Monahan wins face-off versus Mark Stone in neutral zone.
2:18 of 2nd period - Slapshot by Anthony Mantha.
2:18 of 2nd period - Shot Misses the Net.
2:20 of 2nd period - Slapshot by Sean Monahan.
2:20 of 2nd period - Stopped by Brian Elliott with a rebound.
2:22 of 2nd period - Slapshot by Jakob Chychrun.
2:22 of 2nd period - Stopped by Brian Elliott without a rebound.
2:23 of 2nd period - Sean Couturier wins face-off versus Derick Brassard in Avalanche zone.
2:23 of 2nd period - Sean Couturier is hit by Ryan Kesler.
2:53 of 2nd period - Off-side.
2:54 of 2nd period - Aleksander Barkov wins face-off versus Anthony Beauvillier in neutral zone.
3:08 of 2nd period - Snap shot by Aleksander Barkov.
3:08 of 2nd period - Stopped by Cam Talbot without a rebound.
3:09 of 2nd period - Sean Couturier wins face-off versus Sean Monahan in Bruins zone.
3:20 of 2nd period - Snap shot by Johnny Gaudreau.
3:20 of 2nd period - Stopped by Cam Talbot without a rebound.
3:21 of 2nd period - Sean Monahan wins face-off versus Aleksander Barkov in Bruins zone.
3:48 of 2nd period - Sean Couturier is hit by Derick Brassard and loses puck.
4:24 of 2nd period - Icing by Mark Giordano.
4:25 of 2nd period - Cedric Paquette wins face-off versus Sean Monahan in Avalanche zone.
4:42 of 2nd period - Slapshot by Mark Giordano.
4:42 of 2nd period - Deflect By Cam Fowler.
4:42 of 2nd period - Stopped by Cam Talbot with a rebound.
4:44 of 2nd period - Wrist shot by Eric Fehr.
4:44 of 2nd period - Shot Blocked by Joel Edmundson.
4:46 of 2nd period - Backhand shot by Mattias Ekholm.
4:46 of 2nd period - Stopped by Cam Talbot with a rebound.
4:54 of 2nd period - Snap shot by Mark Giordano.
4:54 of 2nd period - Stopped by Cam Talbot with a rebound.
4:56 of 2nd period - Slapshot by Mattias Ekholm.
4:56 of 2nd period - Shot Blocked by Cam Fowler.
4:58 of 2nd period - Slapshot by Pavel Buchnevich.
4:58 of 2nd period - Stopped by Cam Talbot without a rebound.
4:59 of 2nd period - Aleksander Barkov wins face-off versus Derick Brassard in Bruins zone.
5:23 of 2nd period - Icing by Jakob Chychrun.
5:24 of 2nd period - Micheal Ferland wins face-off versus Derick Brassard in Bruins zone.
5:51 of 2nd period - Slapshot by Zach Redmond.
5:51 of 2nd period - Stopped by Brian Elliott without a rebound.
5:52 of 2nd period - Sean Monahan wins face-off versus Aleksander Barkov in Avalanche zone.
6:25 of 2nd period - Wrist shot by Nikita Kucherov.
6:25 of 2nd period - Stopped by Cam Talbot without a rebound.
6:26 of 2nd period - Sean Monahan wins face-off versus Sean Couturier in Bruins zone.
7:20 of 2nd period - Wrist shot by Carl Grundstrom.
7:20 of 2nd period - Shot Misses the Net.
7:22 of 2nd period - Snap shot by Mark Jankowski.
7:22 of 2nd period - Stopped by Cam Talbot with a rebound.
7:30 of 2nd period - Minor Penalty to Zach Redmond for Elbowing.
7:31 of 2nd period - Aleksander Barkov wins face-off versus Sean Monahan in Bruins zone.
7:57 of 2nd period - Joel Edmundson is hit by Johnny Gaudreau and loses puck.
8:07 of 2nd period - Off-side.
8:08 of 2nd period - Brady Tkachuk wins face-off versus Aleksander Barkov in neutral zone.
8:33 of 2nd period - Jaccob Slavin is hit by Xavier Ouellet and loses puck.
9:30 of 2nd period - Penalty to Zach Redmond is over, Zach Redmond is back on ice.
9:38 of 2nd period - Wrist shot by Anthony Duclair.
9:38 of 2nd period - Shot Blocked by Jaccob Slavin.
9:42 of 2nd period - Snap shot by Anthony Duclair.
9:42 of 2nd period - Stopped by Brian Elliott with a rebound.
9:44 of 2nd period - Slapshot by Jakob Chychrun.
9:44 of 2nd period - Stopped by Brian Elliott with a rebound.
9:46 of 2nd period - Slapshot by Xavier Ouellet.
9:46 of 2nd period - Shot Misses the Net.
9:48 of 2nd period - Slapshot by Xavier Ouellet.
9:48 of 2nd period - Stopped by Brian Elliott with a rebound.
9:52 of 2nd period - Wrist shot by Zach Redmond.
9:52 of 2nd period - Stopped by Brian Elliott without a rebound.
9:53 of 2nd period - Mark Stone wins face-off versus Derick Brassard in Avalanche zone.
11:21 of 2nd period - Slapshot by Jakob Chychrun.
11:21 of 2nd period - Deflect By Nikita Kucherov.
11:21 of 2nd period - Stopped by Brian Elliott without a rebound.
11:22 of 2nd period - Derick Brassard wins face-off versus Aleksander Barkov in Avalanche zone.
11:54 of 2nd period - Micheal Ferland is hit by Xavier Ouellet and loses puck.
12:22 of 2nd period - Slapshot by Pavel Buchnevich.
12:22 of 2nd period - Stopped by Cam Talbot with a rebound.
12:30 of 2nd period - Minor Penalty to Mark Giordano for Holding.
12:31 of 2nd period - Anthony Mantha wins face-off versus Eric Fehr in Avalanche zone.
12:44 of 2nd period - Snap shot by Sean Monahan.
12:44 of 2nd period - Stopped by Brian Elliott without a rebound.
12:45 of 2nd period - Eric Fehr wins face-off versus Sean Monahan in Avalanche zone.
12:45 of 2nd period - Eric Fehr is hit by Cam Fowler.
14:30 of 2nd period - Penalty to Mark Giordano is over, Mark Giordano is back on ice.
15:59 of 2nd period - Brady Tkachuk is hit by Pavel Buchnevich and loses puck.
16:25 of 2nd period - Jaccob Slavin is hit by Anthony Duclair and loses puck.
17:21 of 2nd period - Anthony Duclair is hit by Carl Grundstrom and loses puck.
17:33 of 2nd period - Icing by Jaccob Slavin.
17:34 of 2nd period - Mark Jankowski wins face-off versus Sean Monahan in Avalanche zone.
18:31 of 2nd period - Wrist shot by Pavel Buchnevich.
18:31 of 2nd period - Stopped by Cam Talbot with a rebound.
18:33 of 2nd period - Wrist shot by Eric Fehr.
18:33 of 2nd period - Shot Misses the Net.
19:24 of 2nd period - Snap shot by Sean Monahan.
19:24 of 2nd period - Shot Blocked by Mark Giordano.
19:26 of 2nd period - Snap shot by Anthony Mantha.
19:26 of 2nd period - Shot Blocked by Mattias Ekholm.
19:28 of 2nd period - Slapshot by Cam Fowler.
19:28 of 2nd period - Shot Misses the Net.
19:30 of 2nd period - Snap shot by Sean Monahan.
19:30 of 2nd period - Stopped by Brian Elliott with a rebound.
19:45 of 2nd period - Nikita Kucherov is hit by Zach Redmond.
Goals for this period are 0 for Avalanche vs 1 for Bruins.
Shots for this period are 10 for Avalanche vs 14 for Bruins.

3rd period


0:01 of 3rd period - Sean Monahan wins face-off versus Aleksander Barkov in neutral zone.
0:12 of 3rd period - Wrist shot by Sean Monahan.
0:12 of 3rd period - Shot Misses the Net.
0:14 of 3rd period - Backhand shot by Nolan Patrick.
0:14 of 3rd period - Stopped by Brian Elliott without a rebound.
0:15 of 3rd period - Sean Couturier wins face-off versus Derick Brassard in Avalanche zone.
0:28 of 3rd period - Wrist shot by Sean Couturier.
0:28 of 3rd period - Shot Blocked by Cam Fowler.
0:42 of 3rd period - Nikita Kucherov is hit by Nolan Patrick and loses puck.
1:07 of 3rd period - Braydon Coburn is hit by Zach Redmond and loses puck.
1:30 of 3rd period - Slapshot by Anthony Beauvillier.
1:30 of 3rd period - Shot Blocked by Calvin de Haan.
1:32 of 3rd period - Wrist shot by Ondrej Palat.
1:32 of 3rd period - Shot Misses the Net.
1:36 of 3rd period - Wrist shot by Ondrej Palat.
1:36 of 3rd period - Shot Misses the Net.
1:38 of 3rd period - Slapshot by Zach Redmond.
1:38 of 3rd period - Deflect By Anthony Beauvillier.
1:38 of 3rd period - Shot Blocked by Nikita Kucherov.
1:38 of 3rd period - Puck is out of play.
1:39 of 3rd period - Sean Couturier wins face-off versus Sean Monahan in Avalanche zone.
2:06 of 3rd period - Eric Fehr is hit by Ryan Kesler.
2:50 of 3rd period - Snap shot by Pat Maroon.
2:50 of 3rd period - Stopped by Brian Elliott with a rebound.
2:52 of 3rd period - Slapshot by Joel Edmundson.
2:52 of 3rd period - Shot Misses the Net.
2:54 of 3rd period - Snap shot by Cam Fowler.
2:54 of 3rd period - Shot Blocked by Johnny Gaudreau.
3:40 of 3rd period - Wrist shot by Derick Brassard.
3:40 of 3rd period - Shot Misses the Net.
4:11 of 3rd period - Eric Fehr is hit by Pat Maroon and loses puck.
4:51 of 3rd period - Minor Penalty to Micheal Ferland for Hooking.
4:52 of 3rd period - Sean Monahan wins face-off versus Eric Fehr in Avalanche zone.
4:57 of 3rd period - Backhand shot by Anthony Mantha.
4:57 of 3rd period - Stopped by Brian Elliott with a rebound.
4:59 of 3rd period - Slapshot by Joel Edmundson.
4:59 of 3rd period - Deflect By Nolan Patrick.
4:59 of 3rd period - Stopped by Brian Elliott with a rebound.
5:01 of 3rd period - Snap shot by Nolan Patrick.
5:01 of 3rd period - Shot Blocked by Brenden Dillon.
5:03 of 3rd period - Slapshot by Joel Edmundson.
5:03 of 3rd period - Stopped by Brian Elliott with a rebound.
5:05 of 3rd period - Slapshot by Cam Fowler.
5:05 of 3rd period - Shot Misses the Net.
5:07 of 3rd period - Wrist shot by Joel Edmundson.
5:07 of 3rd period - Shot Blocked by Brenden Dillon.
5:57 of 3rd period - Slapshot by Mattias Ekholm.
5:57 of 3rd period - Shot Blocked by Ryan Kesler.
5:59 of 3rd period - Wrist shot by Pavel Buchnevich.
5:59 of 3rd period - Stopped by Cam Talbot with a rebound.
6:03 of 3rd period - Wrist shot by Pavel Buchnevich.
6:03 of 3rd period - Goal by Pavel Buchnevich - Avalanche : 5 - Bruins : 1.
6:04 of 3rd period - Eric Fehr wins face-off versus Sean Monahan in neutral zone.
6:39 of 3rd period - Snap shot by Cedric Paquette.
6:39 of 3rd period - Shot Blocked by Derick Brassard.
6:51 of 3rd period - Penalty to Micheal Ferland is over, Micheal Ferland is back on ice.
6:51 of 3rd period - Snap shot by Sean Monahan.
6:51 of 3rd period - Stopped by Brian Elliott with a rebound.
7:09 of 3rd period - Wrist shot by Jason Pominville.
7:09 of 3rd period - Shot Blocked by Brenden Dillon.
7:11 of 3rd period - Wrist shot by Marcus Kruger.
7:11 of 3rd period - Stopped by Brian Elliott without a rebound.
7:12 of 3rd period - Jujhar Khaira wins face-off versus Nolan Patrick in Avalanche zone.
7:12 of 3rd period - Jujhar Khaira is hit by Sean Monahan.
7:18 of 3rd period - Slapshot by Mark Giordano.
7:18 of 3rd period - Stopped by Cam Talbot with a rebound.
7:20 of 3rd period - Snap shot by Carl Grundstrom.
7:20 of 3rd period - Shot Misses the Net.
7:36 of 3rd period - Justin Falk is hit by Micheal Ferland and loses puck.
7:54 of 3rd period - Icing by Ryan Kesler.
7:55 of 3rd period - Derick Brassard wins face-off versus Aleksander Barkov in Bruins zone.
8:10 of 3rd period - Snap shot by Anthony Mantha.
8:10 of 3rd period - Shot Misses the Net.
8:44 of 3rd period - Ondrej Palat is hit by Sean Couturier and loses puck.
9:57 of 3rd period - Snap shot by Sean Couturier.
9:57 of 3rd period - Stopped by Cam Talbot without a rebound.
9:58 of 3rd period - Sean Monahan wins face-off versus Aleksander Barkov in Bruins zone.
10:29 of 3rd period - Wrist shot by Pavel Buchnevich.
10:29 of 3rd period - Deflect By Cedric Paquette.
10:29 of 3rd period - Stopped by Cam Talbot with a rebound.
10:31 of 3rd period - Snap shot by Braydon Coburn.
10:31 of 3rd period - Shot Misses the Net.
10:33 of 3rd period - Slapshot by Calvin de Haan.
10:33 of 3rd period - Shot Misses the Net.
10:35 of 3rd period - Wrist shot by Cedric Paquette.
10:35 of 3rd period - Shot Blocked by Ryan Kesler.
10:37 of 3rd period - Snap shot by Eric Fehr.
10:37 of 3rd period - Stopped by Cam Talbot with a rebound.
10:49 of 3rd period - Slapshot by Joel Edmundson.
10:49 of 3rd period - Shot Misses the Net.
10:57 of 3rd period - Snap shot by Johnny Gaudreau.
10:57 of 3rd period - Shot Blocked by Cam Fowler.
11:15 of 3rd period - Slapshot by Mark Giordano.
11:15 of 3rd period - Shot Blocked by Joel Edmundson.
11:41 of 3rd period - Snap shot by Carl Grundstrom.
11:41 of 3rd period - Stopped by Cam Talbot without a rebound.
11:42 of 3rd period - Sean Monahan wins face-off versus Aleksander Barkov in Bruins zone.
11:47 of 3rd period - Nolan Patrick is hit by Aleksander Barkov and loses puck.
12:08 of 3rd period - Johnny Gaudreau is hit by Brady Tkachuk and loses puck.
12:15 of 3rd period - Slapshot by Derick Brassard.
12:15 of 3rd period - Deflect By Ryan Kesler.
12:15 of 3rd period - Stopped by Brian Elliott with a rebound.
13:01 of 3rd period - Snap shot by Anthony Duclair.
13:01 of 3rd period - Shot Blocked by Nikita Kucherov.
13:57 of 3rd period - Wrist shot by Ryan Kesler.
13:57 of 3rd period - Stopped by Brian Elliott with a rebound.
13:59 of 3rd period - Snap shot by Marcus Kruger.
13:59 of 3rd period - Shot Misses the Net.
14:01 of 3rd period - Wrist shot by Marcus Kruger.
14:01 of 3rd period - Shot Misses the Net.
14:03 of 3rd period - Slapshot by Justin Falk.
14:03 of 3rd period - Shot Misses the Net.
14:07 of 3rd period - Wrist shot by Pat Maroon.
14:07 of 3rd period - Stopped by Brian Elliott with a rebound.
14:46 of 3rd period - Slapshot by Sean Couturier.
14:46 of 3rd period - Stopped by Cam Talbot without a rebound.
14:47 of 3rd period - Aleksander Barkov wins face-off versus Derick Brassard in Bruins zone.
15:12 of 3rd period - Nikita Kucherov is hit by Jakob Chychrun and loses puck.
15:25 of 3rd period - Snap shot by Ondrej Palat.
15:25 of 3rd period - Stopped by Brian Elliott without a rebound.
15:26 of 3rd period - Sean Monahan wins face-off versus Micheal Ferland in Avalanche zone.
15:31 of 3rd period - Slapshot by Anthony Mantha.
15:31 of 3rd period - Shot Misses the Net.
16:09 of 3rd period - Cam Fowler is hit by Johnny Gaudreau.
17:03 of 3rd period - Slapshot by Jakob Chychrun.
17:03 of 3rd period - Deflect By Jaccob Slavin.
17:03 of 3rd period - Stopped by Brian Elliott without a rebound.
17:04 of 3rd period - Cedric Paquette wins face-off versus Sean Monahan in Avalanche zone.
17:33 of 3rd period - Slapshot by Aleksander Barkov.
17:33 of 3rd period - Shot Misses the Net.
18:39 of 3rd period - Anthony Mantha is hit by Braydon Coburn and loses puck.
19:15 of 3rd period - Anthony Beauvillier is hit by Eric Fehr and loses puck.
19:34 of 3rd period - Aleksander Barkov is hit by Justin Falk.
19:48 of 3rd period - Anthony Mantha is hit by Mattias Ekholm and loses puck.
Goals for this period are 1 for Avalanche vs 0 for Bruins.
Shots for this period are 8 for Avalanche vs 12 for Bruins.